 Dungeon Crawl Stone Soup version 0.31.0 (webtiles) character file.

Game seed: 7093901954265433594

45 qw the Shooter (level 3, -1/22 HPs)
             Began as a Gargoyle Hunter on Jan 19, 2024.
             Incinerated by a bombardier beetle (3 damage)
             ... with a burning spray
             ... on level 3 of the Dungeon.
             The game lasted 00:00:07 (1636 turns).

qw the Shooter (Gargoyle Hunter)                    Turns: 1636, Time: 00:00:07

Health: -1/22      AC:  6    Str: 14    XL:     3   Next: 64%
Magic:  3/3        EV: 11    Int:  9    God:
Gold:   41         SH:  0    Dex: 15    Spells: 2/2 levels left

rFire   . . .        g - +0 orcbow
rCold   . . .        (shield currently unavailable)
rNeg    + . .        c - +0 leather armour
rPois   inf          (no helmet)
rElec   +            (no cloak)
rCorr   .            (no gloves)
SInv    .            (no boots)
Will    .....        d - amulet of the acrobat
Stlth   +            (no ring)
HPRegen 0.23/turn    (no ring)
MPRegen 0.08/turn

%: acrobat
@: on fire, about to teleport, glowing
A: sickness immunity, AC +3, negative energy resistance 1, electricity
resistance, torment resistance 1, petrification resistance
a: no special abilities


You were on level 3 of the Dungeon.
You visited 1 branch of the dungeon, and saw 3 of its levels.

You collected 83 gold pieces.
You spent 42 gold pieces at shops.


Innate Abilities, Weirdness & Mutations

You are immune to sickness and miasma.
Your stone body is resilient. (AC +3)
You are immune to poison.
You resist negative energy. (rN+)
You are resistant to electric shocks. (rElec)
You are resistant to unholy torment.
You are immune to petrification.


   Skills:
 + Level 2.8 Fighting
 - Level 5.0 Ranged Weapons
 - Level 1.5 Dodging
 - Level 1.1 Stealth


You had 2 spell levels left.
You didn't know any spells.
Your spell library was empty.

Inventory:

Hand Weapons
 g - a +0 orcbow (weapon)
Armour
 c - a +0 leather armour (worn)
 e - a +0 pair of boots
Jewellery
 d - an amulet of the acrobat (around neck)
Scrolls
 h - a scroll of teleportation
Potions
 a - a potion of curing
 b - a potion of resistance {unknown}
 f - a potion of brilliance {unknown}
 i - a potion of might {unknown}
 k - a potion of enlightenment {unknown}

Dungeon Overview and Level Annotations

Branches:
Dungeon (3/15)

Altars:
Wu Jian

Shops:
D:2 ?


Message History

You hear the sound of rushing water.
There is an entrance to a sewer on this level.
Hurry and find it before the portal rusts away!
There is a stone staircase leading up here.
Waypoint 2 assigned to D:3.
1545 ||| PLANNING SEWER You open the door.
There is an open door here.
You hear the slow rusting of a very distant drain.
You now have 41 gold pieces (gained 7).
e - a +0 pair of boots A bombardier beetle comes into view.
You shoot an arrow.
The arrow hits the bombardier beetle but does no damage.
The bombardier beetle sprays incendiary fluid at you.
The burning spray hits you.
You are covered in liquid fire!
You shoot an arrow. The arrow hits the bombardier beetle.
The bombardier beetle is lightly wounded.
The liquid fire burns you!
You shoot an arrow.
The arrow closely misses the bombardier beetle.
The liquid fire burns you!
You shoot an arrow. The arrow hits the bombardier beetle.
The bombardier beetle is moderately wounded.
The liquid fire burns you!
The bombardier beetle sprays incendiary fluid at you.
The burning spray hits you.
You are even more covered in liquid fire!
You shoot an arrow.
The arrow hits the bombardier beetle but does no damage.
The bombardier beetle is moderately wounded.
The liquid fire burns you!
The bombardier beetle sprays incendiary fluid at you.
The burning spray hits you.
You are even more covered in liquid fire!
1636 ||| READING 2 scrolls of teleportation.
As you read the scroll of teleportation, it crumbles to dust.
You feel strangely unstable. The liquid fire burns you!
You die...

.. .. .#
############ .#
#........... # B#
#........... . .#
#...........
#################.#
#...<.......
#...............@.#
#...........
#.#####.#.#########
#...........
#.......#.#
#...........
#########.#
#...........
..........#
#####'######
########### #.# #
#.# # ###########.#
# #...........#


You could see a bombardier beetle.

Vanquished Creatures
  4 ball pythons
  An endoplasm (D:2)
  2 giant cockroaches
  8 goblins
  2 hobgoblins (D:1)
  9 kobolds
  3 quokkas
  3 bats
  2 frilled lizards (D:1)
  8 rats
42 creatures vanquished.

Notes
Turn   | Place    | Note
-------+----------+-------------------------------------------
     0 | D:1      | qw the Gargoyle Hunter began the quest for the Orb.
     0 | D:1      | Reached XP level 1. HP: 12/12 MP: 1/1
     0 | D:1      | 0 ||| qw: Version: 0.3-a-132-g3d54051
     0 | D:1      | 0 ||| qw: Game counter: 362
     0 | D:1      | 0 ||| qw: Melee chars always use a shield: true
     0 | D:1      | 0 ||| qw: God list: Okawaru
     0 | D:1      | 0 ||| qw: Allow faded altars: false
     0 | D:1      | 0 ||| qw: Do Orc after clearing Dungeon:15 true
     0 | D:1      | 0 ||| qw: Do second Lair branch before Depths: true
     0 | D:1      | 0 ||| qw: Lair rune preference: random
     0 | D:1      | 0 ||| qw: Goals: Normal
     0 | D:1      | 0 ||| PLANNING D:1-11
   117 | D:1      | Reached XP level 2. HP: 16/17 MP: 2/2
   334 | D:1      | Reached XP level 3. HP: 21/21 MP: 3/3
   363 | D:1      | Reached skill level 5 in Ranged Weapons
   549 | D:1      | 549 ||| READING scroll labelled YCZIMA VAANGIE.
   550 | D:1      | 550 ||| READING scroll labelled CIAFUN HAOPEPH.
   554 | D:1      | 554 ||| DROPPING scroll of butterflies.
   680 | D:2      | 680 ||| SWAPPING to +0 orcbow.
   681 | D:2      | 681 ||| DROPPING +0 shortbow.
   684 | D:2      | Found Lottef's Magic Scroll Shoppe.
   694 | D:2      | 694 ||| SHOPLISTING scroll of enchant armour (105 gold,
                  | have 44).
   694 | D:2      | 694 ||| BUYING scroll of teleportation (42 gold).
   694 | D:2      | Bought a scroll of teleportation for 42 gold pieces
   740 | D:2      | Found an ornate altar of the Wu Jian Council.
  1173 | D:2      | 1173 ||| READING scroll labelled GAANGA MYDU.
  1173 | D:2      | 1173 ||| IDENTIFYING white potion
  1174 | D:2      | 1174 ||| READING scroll labelled XASCHO HULOUN.
  1175 | D:2      | 1175 ||| FLEEEEING.
  1176 | D:2      | 1176 ||| FLEEEEING.
  1177 | D:2      | 1177 ||| FLEEEEING.
  1409 | D:2      | 1409 ||| READING scroll labelled SINGILASA.
  1507 | D:2      | 1507 ||| UPGRADING to amulet of the acrobat.
  1545 | D:3      | 1545 ||| PLANNING SEWER
  1635 | D:3      | HP: 2/22 [burnt (7)]
  1636 | D:3      | 1636 ||| READING 2 scrolls of teleportation.
  1636 | D:3      | Incinerated by a bombardier beetle

Levels and vault maps discovered:
D:1:      dpeg_arrival_ternary, layout_rooms, lexackson_kobold_supper
D:2:      layout_basic, serial_forest, infiniplex_forest_end_2,
          infiniplex_forest_zigzag_2, infiniplex_forest_clump_double,
          infiniplex_forest_zigzag_2, infiniplex_forest_straight_4,
          infiniplex_forest_end_2, infiniplex_forest_clump_diagonal,
          infiniplex_forest_lined_3, serial_shops, shop, basic_altar,
          serial_bayou_lake_a
D:3:      layout_basic, portal_sewer_entry_d, nicolae_ecumenical_oubliette,
          uniq_terence

Skill      XL: |  1  2  3 |
---------------+----------+-----
Ranged Weapons | 5 |  5.0
Fighting       | |  2.8
Dodging        | |  1.5
Stealth        | |  1.1

Action                     || total
---------------------------++-------
   Fire: Shortbow          ||   102
         Orcbow            ||    38
    Use: Scroll            ||     6
 Armour: Leather armour    ||    46
  Dodge: Dodged            ||    44

Table legend:
 A = Non-vault XP
 B = Vault XP
 C = Vault XP percentage of total XP
 D = Non-vault monster count
 E = Vault monster count
 F = Vault count percentage of total count
                 A         B        C        D         E       F
            +---------+---------+-------+---------+---------+-------
      Total |      55 |      10 |  15.4 |      34 |       8 |  19.0
            +---------+---------+-------+---------+---------+-------
        D:1 |      38 |      10 |  20.8 |      23 |       8 |  25.8
        D:2 |      17 |       0 |   0.0 |      11 |       0 |   0.0
            +---------+---------+-------+---------+---------+-------
